 Dungeon Crawl Stone Soup version 0.26.1 (webtiles) character file.

Game seed: 17109625073935210472

103 Gadfly the Slasher (level 4, 0/39 (40) HPs)
             Began as a Palentonga Berserker on Feb 4, 2021.
             Was a Follower of Trog.
             Succumbed to Sigmund's poison
             ... on level 2 of the Dungeon.
             The game lasted 00:01:53 (1116 turns).

Gadfly the Slasher (Palentonga Berserker)           Turns: 1116, Time: 00:01:54

HP:   0/39 (40)     AC:  4    Str: 21    XL:     4   Next: 51%
MP:   4/4           EV: 10    Int:  7    God:    Trog [*.....]
Gold: 29            SH:  0    Dex: 10    Spells: 3/3 levels left

rFire    . . .     SeeInvis +   b - +0 dagger (drain)
rCold    . . .     Faith    .   (no shield)
rNeg     . . .     Spirit   .   c - +0 animal skin
rPois    .         Reflect  .   (no helmet)
rElec    .         Harm     .   (no cloak)
rCorr    .         Rampage  .   (no gloves)
Will     .....                  (no barding)
Stlth    +.........             (no amulet)
HPRegen  0.13/turn              (no ring)
MPRegen  0.09/turn              (no ring)

@: lethally poisoned (0 -> -12), lightly drained
A: large, rugged brown scales 3, see invisible, deformed body, roll 1, armoured
tail
a: Rolling Charge, Renounce Religion, Berserk


You were on level 2 of the Dungeon.
You worshipped Trog.
Trog was aware of your devotion.
You visited 1 branch of the dungeon, and saw 2 of its levels.

You collected 29 gold pieces.

Inventory:

Hand Weapons
 a - a +0 falchion
 b - a +0 dagger of draining (weapon)
Armour
 c - a +0 animal skin (worn)
Potions
 d - a potion of flight


   Skills:
 + Level 3.2 Fighting
 * Level 3.6 Long Blades
 * Level 2.3 Armour
 * Level 2.3 Dodging
 * Level 1.4 Evocations


You had 3 spell levels left.
You didn't know any spells.
Your spell library was empty.

Dungeon Overview and Level Annotations

Branches:
Dungeon (2/15)

Altars:
The Shining One

Annotations:
D:2 Sigmund


Innate Abilities, Weirdness & Mutations

You are completely covered in rugged brown scales. (AC +3, +7% HP)
You have supernaturally acute eyesight. (SInv)
Armour fits poorly on your strangely shaped body.
You can roll at nearby foes to attack.
You have a long armoured tail.


Message History

The goblin shouts!
Sigmund hits you from afar with a +0 scythe of venom!
You are lethally poisoned!
Unknown command.
Okay, then.
You aren't carrying any scrolls.
Unknown command.
You feel sick.
* * * LOW HITPOINT WARNING * * *
You feel sick.
* * * LOW HITPOINT WARNING * * *
You feel sick.
* * * LOW HITPOINT WARNING * * *
You feel sick.
* * * LOW HITPOINT WARNING * * *
You feel sick.
Sigmund points at you and mumbles some strange words.
The magic dart hits you!
* * * LOW HITPOINT WARNING * * *
You die...

## #.# #.#######
#......###########
#....@..†.......#
##.##.#######...###
##.###.# #.....#
##@## #.# #.....#
#..# #.# ##....##
#.#.# #.# ##....##
......# #.# #.....#
#...........
###.†##
#......###.# #...#


There were no monsters in sight!

Vanquished Creatures
  An ogre (D:2)
  A dart slug (D:1)
  A ball python (D:2)
  4 goblins
  A hobgoblin (D:1)
  2 jackals (D:2)
  A bat (D:2)
  4 frilled lizards (D:1)
  A kobold (D:1)
  A rat (D:1)
17 creatures vanquished.

Vanquished Creatures (others)
  13 plants (D:2)
13 creatures vanquished.

Grand Total: 30 creatures vanquished

Notes
Turn   | Place    | Note
-------+----------+-------------------------------------------
     0 | D:1      | Gadfly the Palentonga Berserker began the quest for the
                  | Orb.
     0 | D:1      | Reached XP level 1. HP: 20/20 MP: 1/1
   522 | D:1      | Reached XP level 2. HP: 27/27 MP: 2/2
   891 | D:2      | Noticed an ogre
   902 | D:2      | Killed an ogre
   903 | D:2      | Reached skill level 1 in Evocations
   903 | D:2      | Reached XP level 3. HP: 21/33 MP: 3/3
   903 | D:2      | Reached XP level 4. HP: 25/40 MP: 4/4
  1027 | D:2      | Found a glowing golden altar of the Shining One.
  1102 | D:2      | Noticed Sigmund
  1115 | D:2      | HP: 1/39 [Sigmund/magic dart (7)]
  1116 | D:2      | Succumbed to Sigmund's poison

Illustrated notes

Levels and vault maps discovered:
D:1:      nicolae_arrival_somewhat_less_tricky_arrival, layout_loops_ring
D:2:      layout_loops_ring, ebering_dispersal_statue_hall, serial_bayou_pond_c,
          nicolae_tso_carved_into_rock, uniq_jessica, uniq_sigmund

Skill      XL: |  1  2 |
---------------+-------+-----
Armour         | 2 |  2.3
Dodging        | 2 |  2.3
Evocations     | 1 |  1.4
Fighting       | |  3.2
Long Blades    | |  3.6

Action                   |  1- 3 |  4- 6 || total
-------------------------+-------+-------++-------
Melee: Falchion          |    39 |    12 ||    51
       Tailslap          |     7 |     4 ||    11
 Abil: Rolling Charge    |     7 |     2 ||     9
  Use: Scroll            |     3 |       ||     3
       Potion            |     1 |       ||     1
Armor: Animal skin       |     9 |     3 ||    12
Dodge: Dodged            |    24 |    14 ||    38
       Rpst.: Falchion   |     8 |     3 ||    11
